 Dungeon Crawl Stone Soup version 0.27-a0-972-gd1521fd518 (webtiles) character file.

Game seed: 16503516284119894972

99 lunkers the Magician (level 4, -5/33 HPs)
             Began as a Djinni Air Elementalist on Apr 13, 2021.
             Slain by a gnoll
             ... wielding a +0 whip
              (8 damage)
             ... on level 3 of the Dungeon.
             The game lasted 00:02:26 (2563 turns).

lunkers the Magician (Djinni Air Elementalist)      Turns: 2563, Time: 00:02:27

Health: -5/33      AC:  2    Str:  7    XL:     4   Next: 72%
Gold:   94         EV: 12    Int: 17    God:
                   SH:  0    Dex: 14

rFire    + + .     SeeInvis .   g - +2 dagger (vamp)
rCold    x . .     Faith    .   (no shield)
rNeg     . . .     Spirit   .   a - +0 robe
rPois    ∞         Reflect  .   (no helmet)
rElec    .         Harm     .   (no cloak)
rCorr    .         Rampage  .   (no gloves)
Will     .....                  (boots unavailable)
Stlth    ++........             (no amulet)
HPRegen  0.11/turn              (no ring)
MPRegen  0.00/turn              (no ring)

@: flying
A: fire resistance 2, cold vulnerability 1, float, innate caster, hp casting,
extra vitality 1
a: no special abilities


You were on level 3 of the Dungeon.
You visited 1 branch of the dungeon, and saw 3 of its levels.

You collected 94 gold pieces.

Inventory:

Hand Weapons
 g - a +2 vampiric dagger (weapon)
Armour
 a - a +0 robe (worn)
 j - a +0 buckler
Scrolls
 d - 4 scrolls of identify
 e - a scroll of fear {unknown}
 f - a scroll of teleportation {unknown}
 h - a scroll of fog {unknown}
 i - a scroll of enchant weapon {unknown}
 k - a scroll of blinking {unknown}


   Skills:
 + Level 2.1 Fighting
 - Level 2.1 Dodging
 - Level 1.5 Stealth
 * Level 4.0 Spellcasting


You couldn't memorise any spells.
You knew the following spells:

 Your Spells              Type           Power      Damage    Failure   Level
a - Shock                 Conj/Air       68%        1d7       3%          1
b - Swiftness             Air            17%        N/A       4%          2
c - Static Discharge      Conj/Air       17%        N/A       9%          3
d - Airstrike             Air            8%         N/A       28%         4
e - Lightning Bolt        Conj/Air       8%         1d21      63%         5
f - Sting                 Tmut/Pois      68%        1d6       3%          1
Your spell library was empty.

Dungeon Overview and Level Annotations

Branches:
Dungeon (3/15)

Altars:


Innate Abilities, Weirdness & Mutations

You are immune to poison.
Your flesh is very heat resistant. (rF++)
You are vulnerable to cold. (rC-)
You float through the air rather than walking.
You learn spells naturally, not from books.
Your magical power is your life essence.
You have superior vitality. (+4 HP)


Message History

The gnoll misses you.
You fade into invisibility!
A quokka comes into view.
The gnoll closely misses you.
You are very lightly contaminated with residual magic.
As you read the scroll labelled ZODUAC ICZIESE, it crumbles to dust.
A profound silence engulfs you.
It was a scroll of silence.
The gnoll closely misses you.
Okay, then.
The gnoll completely misses you.
You see here a jackal corpse.
You see here a jackal corpse.
You flicker for a moment.
You flicker back into view.
Your hearing returns.
Your magical contamination has completely faded away.
Casting: Shock (safe; 3% risk of failure)
Confirm with . or Enter, or press ? or * to list all spells.
Aiming: Shock (safe; 3% risk of failure)
Press: ? - help, Shift-Dir - straight line, f/p - gnoll
Aim: a gnoll, wielding a +0 flail (severely wounded, 25% to evade)
The zap hits the gnoll but does no damage.
The zap hits the gnoll.
You kill the gnoll!
The zap hits the gnoll.
The gnoll is moderately wounded.
* * * LOW HITPOINT WARNING * * *
Unknown command.
Unknown command.
Casting: Shock (safe; 3% risk of failure)
Confirm with . or Enter, or press ? or * to list all spells.
Aiming: Shock (safe; 3% risk of failure)
Press: ? - help, Shift-Dir - straight line The zap hits the gnoll.
The gnoll is heavily wounded.
The zap hits the gnoll.
The gnoll is heavily wounded.
* * * LOW HITPOINT WARNING * * *
The gnoll hits you with a +0 whip!
You die...

#†# #.# #†####.# #..# ##
#...)).# #..# ..#..
#.###### #..# ...... #.##
#.. .##.#.# # #g.# #..
###.##.#.#.# #..# #.# #...
#.#.#†# #..#
#.###.#)##.....
#..#######).g@......#.##
####..........######....<)#
...>..######..##..###.....#
####### #.......###..#.###.
#....#..)##........
##..##..).#..#.###.
#†##(##..#.##.....
#.#.##..##.##.....
#.###.(.##........


You could see a gnoll.

Vanquished Creatures
  3 gnolls (D:3)
  An adder (D:2)
  A worm (D:2)
  A dart slug (D:1)
  3 orcs (D:3)
  2 bats (D:2)
  5 endoplasms
  A giant cockroach (D:3)
  4 goblins
  3 hobgoblins
  9 jackals
  2 quokkas (D:1)
  3 ball pythons
  3 frilled lizards (D:1)
  6 kobolds
  2 rats (D:2)
49 creatures vanquished.

Notes
Turn   | Place    | Note
-------+----------+-------------------------------------------
     0 | D:1      | lunkers the Djinni Air Elementalist began the quest for the
                  | Orb.
     0 | D:1      | Reached XP level 1. HP: 15/15 MP: 0/0
   530 | D:1      | Found a faded altar of an unknown god.
   734 | D:1      | Reached skill level 3 in Spellcasting
   734 | D:1      | Reached XP level 2. HP: 18/22 MP: 0/0
  1082 | D:2      | Reached skill level 1 in Fighting
  1352 | D:2      | Reached XP level 3. HP: 27/27 MP: 0/0
  1352 | D:2      | Learned a level 1 spell: Sting
  2386 | D:3      | Reached XP level 4. HP: 32/33 MP: 0/0
  2526 | D:3      | Reached skill level 4 in Spellcasting
  2528 | D:3      | HP: 1/33 [gnoll/+0 flail (12)]
  2563 | D:3      | Slain by a gnoll

Illustrated notes

Levels and vault maps discovered:
D:1:      pf_arrival_petrified_forest, layout_loops_ring,
          hellmonk_ecumenical_altar_leap_of_faith
D:2:      layout_loops_corners
D:3:      layout_loops_ring, tso_metal_star, minmay_cupped

Skill      XL: |  1  2  3  4 |
---------------+-------------+-----
Spellcasting   | 3 4 |  4.0
Fighting       | 1 2 |  2.1
Dodging        | |  2.1
Stealth        | |  1.5

Action                   |  1- 3 |  4- 6 || total
-------------------------+-------+-------++-------
Melee: Dagger            |     1 |       ||     1
 Cast: Shock             |    77 |    26 ||   103
  Use: Scroll            |       |     2 ||     2
       Potion            |       |     1 ||     1
Armor: Robe              |     2 |       ||     2
Dodge: Dodged            |     1 |     8 ||     9

Table legend: (Time is in decaauts)
 A = Elapsed time spent in this place.
 B = Non-inter-level travel time spent in this place.
 C = Inter-level travel time spent in this place.
 D = Time resting spent in this place.
 E = Time spent auto-exploring this place.
 F = Levels seen in this place.
 G = Mean time per level.
                   A        B        C        D        E       F      G
               +--------+--------+--------+--------+--------+-----+--------+
         Total |   2562 |   2496 |     66 |      0 |   2267 |   3 |  854.0 |
       Dungeon |   2562 |   2496 |     66 |      0 |   2267 |   3 |  854.0 |
               +--------+--------+--------+--------+--------+-----+--------+

Top non-repeatable levels by time:
     D:2: 1269 daAuts
     D:1: 1017 daAuts
     D:3: 275 daAuts
